TOP OF THE 1ST |
Myrtle Beach Pelicans batting - Pitching for Potomac Nationals : RHP Ivano Galikov
|
Pitching: RHP Ivano Galikov
|
|
Batting: RHB Eric Wiss
|
0-0: Called Strike 0-1: Called Strike 0-2: Foul Ball, location: 2F 0-2: Foul Ball, location: 2F 0-2: Ball 1-2: Ball 2-2: Ball 3-2: Strikes out swinging
|
Batting: LHB Kwang-chih Men
|
0-0: Foul Ball, location: 2F 0-1: Ground out 6-3 (Groundball, 6, EV 91.9 MPH)
|
Batting: RHB Brad Santanello
|
0-0: Called Strike 0-1: Ball 1-1: Ball 2-1: DOUBLE (Flyball, 89XD, EV 110.6 MPH)
|
Batting: SHB Gabriel Cruz
|
0-0: Ball 1-0: Ball 2-0: Ball 3-0: Called Strike 3-1: 2-RUN HOME RUN (Flyball, 89XD, EV 106.9 MPH), Distance : 439 ft
|
Batting: RHB Ricardo Aguinaga
|
0-0: Ball 1-0: Foul Ball, location: 2F 1-1: Ground out 4-3 (Groundball, 4, EV 91.2 MPH)
|
Top of the 1st over - 2 runs, 2 hits, 0 errors, 0 left on base; Myrtle Beach 2 - Potomac 0 |
BOTTOM OF THE 1ST |
Potomac Nationals batting - Pitching for Myrtle Beach Pelicans : LHP Jose Urena
|
Pitching: LHP Jose Urena
|
|
Batting: RHB Bobby Bricker
|
0-0: Ground out 5-3 (Groundball, 5L, EV 106.9 MPH)
|
Batting: SHB Alex Ethridge
|
0-0: Ball 1-0: Fly out, F7 (Line Drive, 78M, EV 104.4 MPH)
|
Batting: RHB Antonio Laurel
|
0-0: Hit by Pitch
|
Batting: LHB John Luke
|
0-0: Called Strike 0-1: SINGLE (Line Drive, 7S, EV 95.0 MPH) Antonio Laurel to second
|
Batting: RHB Jim Towle
|
0-0: Ball 1-0: Called Strike 1-1: Ball 2-1: Foul Ball, location: 2F 2-2: Foul Ball, location: 2F 2-2: Strikes out swinging
|
Bottom of the 1st over - 0 runs, 1 hit, 0 errors, 2 left on base; Myrtle Beach 2 - Potomac 0 |
TOP OF THE 2ND |
Myrtle Beach Pelicans batting - Pitching for Potomac Nationals : RHP Ivano Galikov
|
Batting: LHB Wing-tat Tai
|
0-0: Foul Ball, location: 2F 0-1: Ball 1-1: Fly out, F8 (Flyball, 8RD, EV 90.0 MPH)
|
Batting: RHB David Barnard
|
0-0: Ball 1-0: Ball 2-0: Ground out 6-3 (Groundball, 6, EV 99.4 MPH)
|
Batting: LHB Adam Conover
|
0-0: Ball 1-0: Called Strike 1-1: Ball 2-1: Foul Ball, location: 2F 2-2: Ball 3-2: Base on Balls
|
Batting: RHB Denis Rachin
|
0-0: Called Strike 0-1: Ball 1-1: Called Strike 1-2: Foul Ball, location: 2F 1-2: Foul Ball, location: 2F 1-2: Ball 2-2: Ball 3-2: Strikes out looking
|
Top of the 2nd over - 0 runs, 0 hits, 0 errors, 1 left on base; Myrtle Beach 2 - Potomac 0 |
BOTTOM OF THE 2ND |
Potomac Nationals batting - Pitching for Myrtle Beach Pelicans : LHP Jose Urena
|
Batting: RHB Donovan Auclair
|
0-0: Ball 1-0: Fly out, F3 (Popup, 3F, EV 64.4 MPH)
|
Batting: RHB Slavik Nebrodov
|
0-0: Ball 1-0: Ball 2-0: Foul Ball, location: 2F 2-1: Swinging Strike 2-2: Strikes out swinging
|
Batting: RHB Naofumi Ishida
|
0-0: Called Strike 0-1: Ball 1-1: Ball 2-1: Swinging Strike 2-2: Strikes out swinging
|
Bottom of the 2nd over - 0 runs, 0 hits, 0 errors, 0 left on base; Myrtle Beach 2 - Potomac 0 |
TOP OF THE 3RD |
Myrtle Beach Pelicans batting - Pitching for Potomac Nationals : RHP Ivano Galikov
|
Batting: RHB Eric Wiss
|
0-0: Called Strike 0-1: DOUBLE (Line Drive, 78D, EV 102.5 MPH)
|
Batting: LHB Kwang-chih Men
|
0-0: Ball 1-0: Ball 2-0: Called Strike 2-1: Called Strike 2-2: Ball 3-2: Strikes out swinging
|
Batting: RHB Brad Santanello
|
0-0: Called Strike Eric Wiss is caught stealing 3rd base 2-5 0-1: SINGLE (Groundball, 6D, EV 99.4 MPH)
|
Batting: SHB Gabriel Cruz
|
0-0: Ball 1-0: Fly out, F5 (Popup, 56S, EV 73.8 MPH)
|
Top of the 3rd over - 0 runs, 2 hits, 0 errors, 1 left on base; Myrtle Beach 2 - Potomac 0 |
BOTTOM OF THE 3RD |
Potomac Nationals batting - Pitching for Myrtle Beach Pelicans : LHP Jose Urena
|
Batting: RHB Er Le
|
0-0: Called Strike 0-1: Foul Ball, location: 2F 0-2: Ball 1-2: Strikes out swinging
|
Batting: RHB Bobby Bricker
|
0-0: Ball 1-0: Foul Ball, location: 2F 1-1: Ball 2-1: Ball 3-1: Ground out 5-3 (Groundball, 56, EV 103.1 MPH)
|
Batting: SHB Alex Ethridge
|
0-0: Called Strike 0-1: DOUBLE (Flyball, 8LXD, EV 102.5 MPH)
|
Batting: RHB Antonio Laurel
|
0-0: SINGLE (Line Drive, 7S, EV 106.2 MPH) Alex Ethridge to third
|
Batting: LHB John Luke
|
0-0: Called Strike 0-1: Ball 1-1: Ball 2-1: Foul Ball, location: 2F 2-2: Ball 3-2: Ground out 4-3 (Groundball, 4D, EV 85.6 MPH)
|
Bottom of the 3rd over - 0 runs, 2 hits, 0 errors, 2 left on base; Myrtle Beach 2 - Potomac 0 |
TOP OF THE 4TH |
Myrtle Beach Pelicans batting - Pitching for Potomac Nationals : RHP Ivano Galikov
|
Batting: RHB Ricardo Aguinaga
|
0-0: Ground out 4-3 (Groundball, 4, EV 93.1 MPH)
|
Batting: LHB Wing-tat Tai
|
0-0: Ball 1-0: Ball 2-0: Fly out, F8 (Line Drive, 8RD, EV 86.9 MPH)
|
Batting: RHB David Barnard
|
0-0: Ball 1-0: Called Strike 1-1: Swinging Strike 1-2: SINGLE (Groundball, 56, EV 106.9 MPH)
|
Batting: LHB Adam Conover
|
0-0: Foul Ball, location: 2F 0-1: Ball David Barnard steals 2nd base (no throw) 1-1: Ground out 4-3 (Groundball, 4, EV 83.8 MPH)
|
Top of the 4th over - 0 runs, 1 hit, 0 errors, 1 left on base; Myrtle Beach 2 - Potomac 0 |
BOTTOM OF THE 4TH |
Potomac Nationals batting - Pitching for Myrtle Beach Pelicans : LHP Jose Urena
|
Batting: RHB Jim Towle
|
0-0: Ball 1-0: Called Strike 1-1: Ball 2-1: Ball 3-1: Base on Balls
|
Batting: RHB Donovan Auclair
|
0-0: Ball Passed Ball! Jim Towle to second 1-0: 2-RUN HOME RUN (Line Drive, 78XD, EV 106.9 MPH), Distance : 423 ft
|
Batting: RHB Slavik Nebrodov
|
0-0: Foul Ball, location: 2F 0-1: Foul Ball, location: 2F 0-2: Ball 1-2: Strikes out swinging
|
Batting: RHB Naofumi Ishida
|
0-0: Called Strike 0-1: Ball 1-1: Ball 2-1: Called Strike 2-2: Foul Ball, location: 2F 2-2: Ball 3-2: SINGLE (Groundball, 56D, EV 95.6 MPH)
|
Batting: RHB Er Le
|
0-0: Ball 1-0: Ball 2-0: Ball 3-0: Called Strike 3-1: Base on Balls Naofumi Ishida to second
|
Batting: RHB Bobby Bricker
|
0-0: Ball 1-0: Ball 2-0: Ball 3-0: Called Strike 3-1: Called Strike 3-2: Foul Ball, location: 2F 3-2: Fly out, F3 (Popup, 3S, EV 66.2 MPH)
|
Batting: SHB Alex Ethridge
|
0-0: Ball 1-0: Ball 2-0: Foul Ball, location: 2F 2-1: Called Strike 2-2: Foul Ball, location: 2F 2-2: Foul Ball, location: 2F 2-2: Foul Ball, location: 2F 2-2: Strikes out swinging
|
Bottom of the 4th over - 2 runs, 2 hits, 0 errors, 2 left on base; Myrtle Beach 2 - Potomac 2 |
TOP OF THE 5TH |
Myrtle Beach Pelicans batting - Pitching for Potomac Nationals : RHP Ivano Galikov
|
Batting: RHB Denis Rachin
|
0-0: Called Strike 0-1: Swinging Strike 0-2: Foul Ball, location: 2F 0-2: Foul Ball, location: 2F 0-2: SOLO HOME RUN (Flyball, 9LD, EV 92.5 MPH), Distance : 341 ft
|
Batting: RHB Eric Wiss
|
0-0: Swinging Strike 0-1: Ball 1-1: Swinging Strike 1-2: Strikes out swinging
|
Batting: LHB Kwang-chih Men
|
0-0: Foul Ball, location: 2F 0-1: Ground out 4-3 (Groundball, 4, EV 101.2 MPH)
|
Batting: RHB Brad Santanello
|
0-0: Ball 1-0: Ball 2-0: Called Strike 2-1: Foul Ball, location: 2F 2-2: Strikes out swinging
|
Top of the 5th over - 1 run, 1 hit, 0 errors, 0 left on base; Myrtle Beach 3 - Potomac 2 |
BOTTOM OF THE 5TH |
Potomac Nationals batting - Pitching for Myrtle Beach Pelicans : LHP Jose Urena
|
Batting: RHB Antonio Laurel
|
0-0: Foul Ball, location: 2F 0-1: Ball 1-1: Ball 2-1: Ball 3-1: Base on Balls
|
Batting: LHB John Luke
|
0-0: Ball Wild Pitch! Antonio Laurel to second 1-0: Ball 2-0: Called Strike 2-1: Foul Ball, location: 2F 2-2: DOUBLE (Line Drive, 7LM, EV 105.0 MPH) Antonio Laurel scores
|
Batting: RHB Jim Towle
|
0-0: Ball 1-0: Ball 2-0: Swinging Strike 2-1: Fly out, F8 (Flyball, 8RXD, EV 90.6 MPH) Runner from 2nd tags up, SAFE at 3rd, no throw by CF
|
Batting: RHB Donovan Auclair
|
0-0: SINGLE (Groundball, 6D, EV 106.9 MPH) John Luke scores
|
Batting: RHB Slavik Nebrodov
|
0-0: SINGLE (Line Drive, 4M, EV 97.5 MPH) Donovan Auclair to second
|
Batting: RHB Naofumi Ishida
|
0-0: Ball 1-0: Ball 2-0: Foul Ball, location: 2F 2-1: Ball 3-1: Swinging Strike 3-2: Strikes out swinging
|
Batting: RHB Er Le
|
0-0: Ball 1-0: Swinging Strike 1-1: Called Strike 1-2: Foul Ball, location: 2F 1-2: Foul Ball, location: 2F 1-2: Foul Ball, location: 2F 1-2: Strikes out swinging
|
Bottom of the 5th over - 2 runs, 3 hits, 0 errors, 2 left on base; Myrtle Beach 3 - Potomac 4 |
TOP OF THE 6TH |
Myrtle Beach Pelicans batting - Pitching for Potomac Nationals : RHP Ivano Galikov
|
Batting: SHB Gabriel Cruz
|
0-0: Foul Ball, location: 2F 0-1: Foul Ball, location: 2F 0-2: Strikes out swinging
|
Batting: RHB Ricardo Aguinaga
|
0-0: Ball 1-0: Fly out, F7 (Line Drive, 7, EV 95.6 MPH)
|
Batting: LHB Wing-tat Tai
|
0-0: Ground out 4-3 (Groundball, 4, EV 86.2 MPH)
|
Top of the 6th over - 0 runs, 0 hits, 0 errors, 0 left on base; Myrtle Beach 3 - Potomac 4 |
BOTTOM OF THE 6TH |
Potomac Nationals batting - Pitching for Myrtle Beach Pelicans : LHP Jose Urena
|
Pitching: RHP Trevor Woodbury
|
|
Batting: RHB Bobby Bricker
|
0-0: Ball 1-0: Ball 2-0: Called Strike 2-1: SOLO HOME RUN (Line Drive, 7LD, EV 100.6 MPH), Distance : 362 ft
|
Batting: SHB Alex Ethridge
|
0-0: Bunted foul 0-1: Ball 1-1: Called Strike 1-2: Ground out 4-3 (Groundball, 4, EV 84.4 MPH)
|
Batting: RHB Antonio Laurel
|
0-0: Called Strike 0-1: Foul Ball, location: 2F 0-2: Ball 1-2: Strikes out swinging
|
Batting: LHB John Luke
|
0-0: Called Strike 0-1: Foul Ball, location: 2F 0-2: Ball 1-2: Ball 2-2: Ball 3-2: Ground out U3 (Groundball, 3L, EV 83.1 MPH)
|
Bottom of the 6th over - 1 run, 1 hit, 0 errors, 0 left on base; Myrtle Beach 3 - Potomac 5 |
TOP OF THE 7TH |
Myrtle Beach Pelicans batting - Pitching for Potomac Nationals : RHP Ivano Galikov
|
Batting: RHB David Barnard
|
0-0: DOUBLE (Groundball, 5L, EV 97.5 MPH)
|
Batting: LHB Adam Conover
|
0-0: Called Strike 0-1: Swinging Strike 0-2: Ball 1-2: Foul Ball, location: 2F 1-2: Fly out, F8 (Flyball, 8RM, EV 91.9 MPH)
|
Batting: RHB Denis Rachin
|
0-0: Ball David Barnard is caught stealing 3rd base 2-5 1-0: Called Strike 1-1: Ground out 6-3 (Groundball, 6, EV 89.4 MPH)
|
Top of the 7th over - 0 runs, 1 hit, 0 errors, 0 left on base; Myrtle Beach 3 - Potomac 5 |
BOTTOM OF THE 7TH |
Potomac Nationals batting - Pitching for Myrtle Beach Pelicans : RHP Trevor Woodbury
|
Batting: RHB Jim Towle
|
0-0: Ball 1-0: Called Strike 1-1: Foul Ball, location: 2F 1-2: Ball 2-2: Foul Ball, location: 2F 2-2: Ball 3-2: Base on Balls
|
Batting: RHB Donovan Auclair
|
0-0: Ball 1-0: Fly out, F8 (Flyball, 8RD, EV 87.5 MPH)
|
Batting: RHB Slavik Nebrodov
|
0-0: Called Strike 0-1: Foul Ball, location: 2F 0-2: Strikes out swinging
|
Batting: RHB Naofumi Ishida
|
0-0: Called Strike 0-1: Called Strike 0-2: Foul Ball, location: 2F 0-2: Ball 1-2: Ball 2-2: Strikes out swinging
|
Bottom of the 7th over - 0 runs, 0 hits, 0 errors, 1 left on base; Myrtle Beach 3 - Potomac 5 |
TOP OF THE 8TH |
Myrtle Beach Pelicans batting - Pitching for Potomac Nationals : RHP Ivano Galikov
|
Pitching: RHP Jason Beck
|
|
Batting: RHB Eric Wiss
|
0-0: Swinging Strike 0-1: Swinging Strike 0-2: Foul Ball, location: 2F 0-2: Foul Ball, location: 2F 0-2: Ball 1-2: Strikes out looking
|
Batting: LHB Kwang-chih Men
|
0-0: Called Strike 0-1: Ball 1-1: Fly out, F8 (Flyball, 8LD, EV 87.5 MPH)
|
Batting: RHB Brad Santanello
|
0-0: Foul Ball, location: 2F 0-1: Foul Ball, location: 2F 0-2: Ball 1-2: Strikes out swinging
|
Top of the 8th over - 0 runs, 0 hits, 0 errors, 0 left on base; Myrtle Beach 3 - Potomac 5 |
BOTTOM OF THE 8TH |
Potomac Nationals batting - Pitching for Myrtle Beach Pelicans : RHP Trevor Woodbury
|
Batting: RHB Er Le
|
0-0: Ball 1-0: Called Strike 1-1: Foul Ball, location: 2F 1-2: Ball 2-2: Ball 3-2: SOLO HOME RUN (Flyball, 7D, EV 98.1 MPH), Distance : 387 ft
|
Pitching: LHP Alex Gandarilla
|
|
Batting: RHB Bobby Bricker
|
0-0: Fly out, F8 (Line Drive, 8LD, EV 90.6 MPH)
|
Batting: SHB Alex Ethridge
|
0-0: Swinging Strike 0-1: SOLO HOME RUN (Flyball, 7D, EV 99.4 MPH), Distance : 366 ft
|
Batting: RHB Antonio Laurel
|
0-0: Ball 1-0: Called Strike 1-1: Swinging Strike 1-2: Ball 2-2: Strikes out looking
|
Batting: LHB John Luke
|
0-0: Called Strike 0-1: Ball 1-1: Ball 2-1: Ball 3-1: Swinging Strike 3-2: Foul Ball, location: 2F 3-2: Foul Ball, location: 2F 3-2: Base on Balls
|
Batting: RHB Jim Towle
|
0-0: Called Strike 0-1: Ball 1-1: Ball 2-1: Ball 3-1: Foul Ball, location: 2F 3-2: Foul Ball, location: 2F 3-2: Strikes out looking
|
Bottom of the 8th over - 2 runs, 2 hits, 0 errors, 1 left on base; Myrtle Beach 3 - Potomac 7 |
TOP OF THE 9TH |
Myrtle Beach Pelicans batting - Pitching for Potomac Nationals : RHP Jason Beck
|
Batting: SHB Gabriel Cruz
|
0-0: Ball 1-0: Ball 2-0: Called Strike 2-1: Foul Ball, location: 2F 2-2: Foul Ball, location: 2F 2-2: Strikes out swinging
|
Batting: RHB Ricardo Aguinaga
|
0-0: Ball 1-0: Called Strike 1-1: Called Strike 1-2: Foul Ball, location: 2F 1-2: Strikes out swinging
|
Batting: LHB Wing-tat Tai
|
0-0: Called Strike 0-1: SINGLE (Groundball, 6M, EV 99.4 MPH) (infield hit)
|
Batting: RHB David Barnard
|
0-0: Ball 1-0: Fielders Choice at 2nd, U6 (Groundball, 6M, EV 85.6 MPH)
|
Top of the 9th over - 0 runs, 1 hit, 0 errors, 1 left on base; Myrtle Beach 3 - Potomac 7 |
|